 Dungeon Crawl Stone Soup version 0.28.0-53-g5a82cb258f (webtiles) character file.

Game seed: 9200183266207657275

31 Zeld the Conjurer (level 3, 0/19 HPs)
             Began as a Deep Elf Conjurer on May 25, 2022.
             Slain by an adder (4 damage)
             ... on level 2 of the Dungeon.
             The game lasted 00:01:39 (1235 turns).

Zeld the Conjurer (Deep Elf Conjurer)               Turns: 1235, Time: 00:01:40

Health: 0/19       AC:  2    Str:  4    XL:     3   Next: 7%
Magic:  1/9        EV: 12    Int: 24    God:
Gold:   35         SH:  0    Dex: 13    Spells: 5/8 levels left

rFire   . . .      SeeInvis .   (no weapon)
rCold   . . .      Faith    .   (no shield)
rNeg    . . .      Spirit   .   a - +0 robe
rPois   .          Reflect  .   (no helmet)
rElec   .          Harm     .   (no cloak)
rCorr   .          Rampage  .   (no gloves)
Will    .....                   (no boots)
Stlth   ++........              (no amulet)
HPRegen 0.06/turn               (no ring)
MPRegen 0.11/turn               (no ring)

@: lethally poisoned (0 -> -5), very slightly contaminated
A: no striking features
a: no special abilities


You were on level 2 of the Dungeon.
You visited 1 branch of the dungeon, and saw 2 of its levels.

You collected 35 gold pieces.

Inventory:

Armour
 a - a +0 robe (worn)
Scrolls
 b - a scroll of identify {unknown}
 c - a scroll of enchant weapon {unknown}
 e - a scroll of noise {unknown}
Potions
 d - a potion of haste {unknown}


   Skills:
 - Level 2.4 Dodging
 - Level 2.4 Stealth
 + Level 3.4 Spellcasting
 + Level 4.5 Conjurations
 * Level 1.9 Hexes
 * Level 1.5 Translocations


You had 5 spell levels left.
You knew the following spells:

 Your Spells              Type           Power      Damage    Failure   Level
a - Magic Dart            Conj           100%       1d8       1%          1
b - Searing Ray           Conj           52%        2d6       2%          2

Your spell library contained the following spells:

 Spells                   Type           Power      Damage    Failure   Level
 Dazzling Flash           Conj/Hex       38%        N/A       9%          3
 Fulminant Prism          Conj/Hex       9%         3d7       26%         4
 Iskenderun's Mystic Bla  Conj/Tloc      18%        2d6       28%         4


Dungeon Overview and Level Annotations

Branches:
Dungeon (2/15)

Altars:


Message History

The adder bites you.
* * * LOW HITPOINT WARNING * * *
Casting: Searing Ray (safe; 2% risk of failure)
Confirm with . or Enter, or press ? or * to list all spells.
Aiming: Searing Ray (safe; 2% risk of failure)
Press: ? - help, Shift-Dir - straight line, p - goblin You miscast Searing Ray.
You are very lightly contaminated with residual magic.
Nothing appears to happen.
The adder barely misses you.
Unknown command.
Casting: Searing Ray (safe; 2% risk of failure)
Confirm with . or Enter, or press ? or * to list all spells.
Aiming: Searing Ray (safe; 2% risk of failure)
Press: ? - help, Shift-Dir - straight line The searing ray hits the adder.
The adder is moderately wounded.
The searing ray hits the adder.
The adder is severely wounded.
The searing ray hits the goblin!
You kill the goblin! (Press . to maintain the ray.)
The adder closely misses you.
The searing ray misses the adder.
The searing ray hits the adder.
You kill the adder!
The searing ray hits the ball python.
You kill the ball python!
The adder closely misses you.
You have reached level 3!
Your experience leads to an increase in your attributes!
Increase (S)trength, (I)ntelligence, or (D)exterity?
You feel clever. x2
The searing ray hits the adder.
The adder is severely wounded.
The searing ray hits the ball python.
The ball python is severely wounded.
The adder bites you.
* * * LOW HITPOINT WARNING * * *
You are lethally poisoned!
The adder poisons you! The adder bites you.
You die...

....................#
S.
############........# .
########..>.....# .## #
................###..##
#
########.........#....#
# #.<..)....S.#
#####S####### #S# #@#
#.################
#.................
##################


You could see an adder and a ball python.

Vanquished Creatures
  An adder (D:2)
  2 ball pythons
  3 endoplasms
  3 goblins
  A hobgoblin (D:1)
  2 kobolds (D:1)
  4 quokkas
  2 bats (D:2)
  A frilled lizard (D:1)
  A rat (D:2)
20 creatures vanquished.

Notes
Turn   | Place    | Note
-------+----------+-------------------------------------------
     0 | D:1      | Zeld the Deep Elf Conjurer began the quest for the Orb.
     0 | D:1      | Reached XP level 1. HP: 10/10 MP: 6/6
   212 | D:1      | Reached skill level 1 in Hexes
   214 | D:1      | Reached XP level 2. HP: 15/15 MP: 4/8
   342 | D:1      | Reached skill level 1 in Translocations
   563 | D:1      | Learned a level 2 spell: Searing Ray
  1221 | D:2      | Found a faded altar of an unknown god.
  1235 | D:2      | Reached XP level 3. HP: 5/19 MP: 2/9
  1235 | D:2      | Slain by an adder

Illustrated notes

Levels and vault maps discovered:
D:1:      eino_arrival_cavern_a, layout_basic
D:2:      layout_basic, serial_shops, nicolae_shop_advertising_works
          [nicolae_subvault_shop_adworks], nicolae_ecumenical_snake_handling,
          minmay_pentomino_v4

Skill      XL: |  1  2 |
---------------+-------+-----
Hexes          | 1 |  1.9
Translocations | 1 |  1.5
Dodging        | |  2.4
Stealth        | |  2.4
Spellcasting   | |  3.4
Conjurations   | |  4.5

Action                   || total
-------------------------++-------
Melee: Unarmed           ||     1
 Cast: Magic Dart        ||    23
       Searing Ray       ||     3
Armor: Robe              ||     1
Dodge: Dodged            ||     7
